 Dungeon Crawl Stone Soup version 0.16-a0-4020-g6ff35b5 (webtiles) character file.

100 dysrexia the Ruffian (level 4, -3/39 HPs)
             Began as a Hill Orc Monk on Feb 18, 2015.
             Killed from afar by an orc wizard (8 damage)
             ... with a magic dart
             ... on level 3 of the Dungeon.
             The game lasted 00:07:40 (1825 turns).

dysrexia the Ruffian (Hill Orc Monk)                Turns: 1825, Time: 00:07:41

Health: -3/39      AC:  8    Str: 14    XL:     4   Next: 73%
Magic:  4/4        EV:  7    Int: 10    God:
Gold:   117        SH:  0    Dex: 13    Spells: 0 memorised, 3 levels left

rFire  . . .     SeeInvis .       - Unarmed
rCold  . . .     Clarity  .     q - +0 chain mail
rNeg   . . .     SustAb   .     (no shield)
rPois  .         Gourm    .     (no helmet)
rElec  .         Spirit   .     (no cloak)
rCorr  .         Warding  .     (no gloves)
rMut   .         Stasis   .     (no boots)
MR     .....                    (no amulet)
Stlth  ..........               (no ring)
                                p - +1 ring of evasion

@: not resistant to hostile enchantments, extremely unstealthy
A: no striking features
a: no special abilities


You were on level 3 of the Dungeon.
You were not hungry.

You visited 1 branch of the dungeon, and saw 3 of its levels.

You collected 117 gold pieces.

Inventory:

Missiles
 e - 46 stones (quivered)
 j - a throwing net
Armour
 a - a +0 robe
 f - a +0 ring mail
 q - a +0 chain mail (worn)
Jewellery
 p - a +1 ring of evasion (left hand)
Scrolls
 g - a scroll of immolation {unknown}
 h - 4 scrolls of identify {unknown}
 l - a scroll of noise {unknown}
 r - a scroll of recharging {unknown}
Potions
 c - a potion of invisibility {unknown}
 d - 2 potions of brilliance {unknown}
 i - a potion of might {unknown}
 m - a potion of curing {unknown}
Comestibles
 b - 5 meat rations
 k - a beef jerky
 n - a bread ration


   Skills:
 - Level 3.6 Fighting
 - Level 2.4 Dodging
 - Level 1.5 Stealth
 + Level 6.5 Unarmed Combat


You had 3 spell levels left.
You didn't know any spells.

Dungeon Overview and Level Annotations

Branches:
Dungeon (3/15)

Altars:
Cheibriados
Vehumet

Annotations:
D:3 Terence


Message History

Really walk into a travel-excluded area?
All of the chunks of flesh in your inventory have rotted away.
The orc wizard gestures wildly while chanting.
The orc wizard blinks!
The orc wizard casts a spell at you. The magic dart hits you!
* * * LOW HITPOINT WARNING * * *
The orc wizard hits you but does no damage.
You hit the orc wizard.
The orc wizard is lightly wounded.
The orc wizard barely misses you.
Terence hits you with a flail of crushing.
* * * LOW HITPOINT WARNING * * *
x2 The orc wizard gestures wildly while chanting.
The orc wizard blinks!
The orc wizard gestures at you while chanting.
You resist with some effort.
The orc wizard points at you and mumbles some strange words.
The magic dart hits you!
You die...

###### ###....#
#......# #.§§§§.#
#.._§..# ######.§.§§.#
o..)........########
#######ooo..o.@.@<.#
#######.#######....#
...o†o..# #..o..##
...###########......#
.#.# #...>.........##
.#... .####.........##
....## .###......<....#
.#.#. #...............#
.#.##.#.###...........#


You could see Terence, an orc wizard and 3 orcs.

Vanquished Creatures
  An orc priest (D:3)
  2 adders (D:2)
  2 oozes (D:2)
  2 orcs (D:3)
  2 ball pythons
  6 bats (D:2)
  A hobgoblin (D:1)
  A quokka (D:2)
  3 giant newts
  8 goblins
  8 jackals
  5 kobolds
  8 rats
49 creatures vanquished.

Vanquished Creatures (others)
  A rat (D:3)
1 creature vanquished.

Grand Total: 50 creatures vanquished

Notes
Turn   | Place    | Note
--------------------------------------------------------------
     0 | D:1      | dysrexia, the Hill Orc Monk, began the quest for the Orb.
     0 | D:1      | Reached XP level 1. HP: 19/19 MP: 1/1
   216 | D:1      | Reached XP level 2. HP: 26/26 MP: 2/2
   238 | D:1      | Reached skill level 5 in Unarmed Combat
   803 | D:2      | Found a snail-covered altar of Cheibriados.
   815 | D:2      | Reached XP level 3. HP: 29/31 MP: 3/3
  1396 | D:2      | Reached skill level 6 in Unarmed Combat
  1396 | D:2      | Reached XP level 4. HP: 25/39 MP: 4/4
  1765 | D:3      | Found a radiant altar of Vehumet.
  1776 | D:3      | Noticed Terence
  1825 | D:3      | Killed from afar by an orc wizard

Action                   |  1- 3 |  4- 6 || total
-------------------------+-------+-------++-------
Melee: Unarmed           |   161 |    36 ||   197
Throw: Stone             |       |     1 ||     1
  Eat: Chunk             |     2 |     1 ||     3
